 Dungeon Crawl Stone Soup version bcrawl-1.19.1 (webtiles) character file.

Game seed: 1035964368035761173

111027 Revguard the Peltast (level 17, -3/127 HPs)
             Began as a Human Fighter on Nov 27, 2019.
             Was the Champion of Zin.
             Slain by a naga warrior
             ... wielding a +0 halberd
              (4 damage)
             ... on level 3 of the Snake Pit.
             The game lasted 01:20:20 (22526 turns).

Revguard the Peltast (Human Fighter)               Turns: 22526, Time: 01:20:20

Health: -3/127     AC: 21    Str: 31    XL:     17   Next: 11%
Magic:  16/27      EV: 27    Int: 27    God:    Zin [******]
Gold:   1322       SH: 41    Dex: 51    Spells: 16/16 levels left

rFire    . . .     SeeInvis +   o - +10 long sword of the Fray {freeze, +Fly rN+ MR- Int+4}
rCold    . . .     Gourm    .   I - +0 large shield "Wuacoicaa" {Dex+3}
rNeg     + . .     Faith    .   y - +5 ring mail "Retz" {rCorr Dex+4}
rPois    ∞         Spirit   .   c - +2 helmet {SInv}
rElec    .         Reflect  .   z - scarf {cloud immunity}
rCorr    +         Harm     .   s - +2 pair of gloves {archery}
MR       .....     NoTele   +   w - +0 pair of boots
Stlth    ++++......             g - amulet of rage
HPRegen  0.31/turn              Q - ring "Igoini" {MR- Int+4 Dex+5}
MPRegen  0.20/turn              m - +4 ring of dexterity

@: agile, vitalised, cannot translocate, constricted, studying Crossbows
A: agile 1, blurry vision 1, magic resistance 1, poison resistance
a: Recite, Vitalisation, Imprison, Sanctuary, Donate Gold, Renounce Religion,
Evoke Berserk Rage, Evoke Flight


You were on level 3 of the Snake Pit.
You worshipped Zin.
Zin was exalted by your worship.
You were not hungry.

You visited 5 branches of the dungeon, and saw 23 of its levels.
You also visited: Gauntlet.

You collected 2566 gold pieces.
You spent 1025 gold pieces at shops.
You donated 219 gold pieces to Zin.

Inventory:

Hand Weapons
 o - the +10 long sword of the Fray (weapon) {freeze, +Fly rN+ MR- Int+4}
   (You found it on level 4 of the Dungeon)

   It has been specially enchanted to freeze those struck by it, causing extra
   injury to most foes and up to half again as much damage against particularly
   susceptible opponents.
   It can also slow down cold-blooded creatures.
   It affects your intelligence (+4).
   It protects you from negative energy.
   It affects your resistance to hostile enchantments.
   It lets you fly.
Missiles
 k - 322 javelins of penetration (quivered)
Armour
 c - a +2 helmet of see invisible (worn)
 s - a +2 pair of gloves of archery (worn)
 w - a +0 pair of boots (worn)
 y - the +5 ring mail "Retz" (worn) {rCorr Dex+4}
   (You found it on level 5 of the Dungeon)

   It affects your dexterity (+4).
   It provides partial protection from all sources of acid and corrosion.
 z - a scarf of cloud immunity (worn)
 I - the +0 large shield "Wuacoicaa" (worn) {Dex+3}
   (You bought it in a shop on level 12 of the Dungeon)

   It affects your dexterity (+3).
Jewellery
 a - an uncursed ring of positive energy
 g - an amulet of rage (around neck)
 m - a +4 ring of dexterity (right hand)
 q - an uncursed ring of protection from magic
 Q - the ring "Igoini" (left hand) {MR- Int+4 Dex+5}
   (You found it on level 5 of the Lair of Beasts)

   [ring of intelligence]

   It affects your intelligence (+4).
   It affects your dexterity (+5).
   It affects your resistance to hostile enchantments.
Wands
 r - a wand of disintegration (11)
 v - a wand of digging (15)
 C - a wand of iceblast (8)
 E - a wand of polymorph (22)
 T - a wand of flame (19)
Scrolls
 d - a scroll of amnesia
 e - 6 scrolls of immolation
 h - 3 scrolls of noise
 j - 12 scrolls of remove curse
 l - 10 scrolls of teleportation
 t - 2 scrolls of identify
 u - a scroll of enchant weapon
 A - 6 scrolls of magic mapping
 B - 4 scrolls of fog
 L - a scroll of enchant armour
 P - a scroll of fear
Potions
 b - 9 potions of curing
 p - 2 potions of heal wounds
 x - 5 potions of brilliance
 D - a potion of magic
 F - 7 potions of mutation
 G - 2 potions of cancellation
 S - a potion of lignification
Books
 R - a manual of Crossbows
Miscellaneous
 H - a fan of gales
 U - a box of beasts
 V - a phial of floods
 W - a sack of spiders
Comestibles
 f - 25 rations {!d}
 i - 4 chunks of flesh


   Skills:
 + Level 9.7 Fighting
 + Level 14.7 Long Blades
 * Level 11.3 Armour
 + Level 9.7 Dodging
 + Level 16.4 Shields
 * Level 13.4 Invocations
 + Level 9.2 Evocations


You had 16 spell levels left.
You didn't know any spells.
Your spell library contained the following spells:

 Spells                   Type           Power        Failure   Level  Hunger
 Apportation              Tloc           #.....       43%         1    ##.....
 Corona                   Hex            #......      43%         1    ##.....
 Freeze                   Ice            #.....       43%         1    ##.....
 Infusion                 Chrm           #.......     43%         1    ##.....
 Sandblast                Erth           #.....       43%         1    ##.....
 Slow                     Hex            #.......     43%         1    ##.....
 Summon Butterflies       Summ           #.......     43%         1    ##.....
 Summon Small Mammal      Summ           #...         43%         1    ##.....
 Call Imp                 Summ           #.....       56%         2    ###....
 Ensorcelled Hibernation  Hex/Ice        #.....       56%         2    ###....
 Throw Frost              Conj/Ice       #.....       56%         2    ###....
 Call Canine Familiar     Summ           #.......     80%         3    ####...
 Confuse                  Hex            #.......     80%         3    ####...
 Dazzling Spray           Conj/Hex       #.....       80%         3    ####...
 Ozocubu's Armour         Chrm/Ice       #.......     80%         3    ####...
 Tukima's Dance           Hex            #.......     80%         3    ####...
 Summon Ice Beast         Ice/Summ       #.......     99%         4    #####..
 Throw Icicle             Conj/Ice       #.......     99%         4    #####..
 Bolt of Draining         Conj/Necr      #.........   100%        5    ######.
 Iskenderun's Battlesphe  Conj/Chrm      #.......     100%        5    ######.
 Lee's Rapid Deconstruct  Erth           #.........   100%        5    ######.
 Passage of Golubria      Tloc           N/A          100%        5    ######.
 Piercing Shot            Chrm           #.........   100%        5    ######.
 Summon Forest            Summ/Tloc      #.........   100%        5    ######.
 Summon Lightning Spire   Summ/Air       #.......     100%        5    ######.
 Venom Bolt               Conj/Pois      #.........   100%        5    ######.
 Borgnjor's Vile Clutch   Necr/Erth      #.........   100%        6    #######
 Darkness                 Hex            #.........   100%        6    #######
 Dispersal                Tloc           #.........   100%        6    #######
 Infestation              Hex/Tmut/Pois  #........    100%        6    #######
 Shadow Creatures         Summ           N/A          100%        6    #######
 Time Stop                Chrm/Tloc      N/A          100%        8    #######


Dungeon Overview and Level Annotations

Branches:
Dungeon (12/12)            Temple (1/1) D:7            Lair (6/6) D:9
  Swamp (0/3) Lair:2        Snake (3/3) Lair:2        Slime (0/5) Lair:5
    Orc (1/1) D:10            Elf (0/3) Orc          Vaults (0/3) D:12
 Depths (0/5) D:12

Altars:
Ashenzari
Cheibriados
Dithmenos
Elyvilon
Fedhas
Gozag
Hepliaklqana
Kikubaaqudgha
Lugonu
Makhleb
Nemelex Xobeh
Okawaru
Qazlal
Ru
Sif Muna
Trog
Uskayaw
Vehumet
Wu Jian
Xom
Yredelemnul
Zin
The Shining One
Jiyva

Shops:
D:4 %   D:5 ([   D:10 %   D:12 [   Orc [}??[[*   Snake:2 :

Annotations:
Snake:3 Vashnia


Innate Abilities, Weirdness & Mutations

You are agile. (Dex +2)
Scrolls take you a little longer to read.
You are resistant to hostile enchantments. (MR+)
Your system is resistant to poisons. (rPois)


Message History

You block the bolt. The naga warrior completely misses you.
You block the naga warrior's attack. The naga mage casts a spell at you.
You feel firmly anchored in space.
Vashnia gestures wildly while chanting.
Vashnia magically shoots an arrow.
The arrow hits you. The shock serpent misses you.
The shock serpent completely misses you.
You block the naga's attack. x2
You block the shock serpent's attack.
The shock serpent shoots out a bolt of lightning at you!
The bolt of electricity hits you!
* * * LOW HITPOINT WARNING * * *
The bolt of electricity hits you!
* * * LOW HITPOINT WARNING * * *
The bolt of electricity hits the shock serpent.
The shock serpent completely resists.
Vashnia shoots an arrow.
You block the arrow. The naga warrior completely misses you.
The naga warrior grabs you.
You die...

..#. ##. ...##.#
.........# ..# ..........
...# #.......#
#...##.......# ##.#
#..N#.N...#.###.#.#
#.N'.#.S##@S.....#
#NN')#.NNSNNN....##
#.NNNSNN.......###.
##.)...N.......#...
##....)...........##.
##.)#...........S....#
##..........)..........
##.)........(........(..
##...)...##...........#..


You could see Vashnia, 2 naga warriors, a nagaraja, 2 naga sharpshooters, a naga
ritualist, 2 shock serpents, a mana viper, a guardian serpent, a naga mage and 3
nagas.

Vanquished Creatures
  Nikola (Snake:2)
  Jorgrun (Snake:3)
  Kirke (Lair:6)
  A nagaraja (Snake:3)
  Aizul (Snake:2)
  The ghost of Morbidden the Fighter, a journeyman HOAc of Okawaru (Lair:4)
  A dire elephant (D:12)
  A minotaur (Gauntlet)
  The ghost of yrara the Cruncher, a journeyman GrFi of Gozag (Lair:5)
  A yaktaur captain (D:12)
  Josephine (Lair:4)
  4 hydras
  Harold (D:8)
  Psyche (D:8)
  A rakshasa (Snake:1)
  A naga warrior (Snake:1)
  3 two-headed ogres
  3 catoblepae (Lair:6)
  An alligator (Lair:6)
  5 anacondas
  2 centaur warriors
  A queen ant (Lair:3)
  2 tengu warriors (D:12)
  14 death yaks
  6 naga sharpshooters
  An orc high priest (Orc)
  5 skeletal warriors (D:11)
  A glowing orange brain (D:10)
  An orange crystal statue (Gauntlet)
  A cyclops (D:12)
  2 mana vipers
  2 orc knights (Orc)
  5 manticores
  2 salamanders (Snake:2)
  6 ugly things
  19 black mambas
  The ghost of petercordia5 the Archer, a novice CeHu of Okawaru (D:10)
  4 naga magi
  5 elephants
  2 moths of wrath (Lair:5)
  A guardian serpent (shapeshifter) (D:10)
  5 centaur skeletons
  A torpor snail (Lair:4)
  A rime drake (Lair:4)
  A yaktaur (shapeshifter) (D:12)
  11 cane toads
  A gargoyle (D:10)
  2 yaktaurs (D:12)
  7 komodo dragons
  The ghost of dracos369 the Insei, a novice OpTm (D:5)
  2 trolls
  2 hornets
  2 polar bears (Lair:4)
  5 dream sheep
  Grinder (D:3)
  14 hippogriffs
  20 blink frogs
  4 slime creatures
  3 wraiths (Lair:4)
  2 spriggans (Lair:4)
  2 wyverns
  A ynoxinul (Gauntlet)
  61 yaks
  4 basilisks
  2 hungry ghosts
  2 neqoxecs
  Grum (D:9)
  6 vampire mosquitoes (Lair:2)
  3 chaos spawn (Gauntlet)
  19 nagas
  6 soldier ants
  12 crocodiles
  11 porcupines
  11 water moccasins
  Duvessa (D:7)
  27 orc warriors
  A hornet zombie (D:12)
  A sky beast (D:12)
  2 phantoms
  6 black bears
  4 ogres
  4 boggarts
  4 ice beasts
  A boggart (shapeshifter) (D:10)
  9 centaurs
  22 wolves
  8 bullfrogs
  4 big kobolds
  Dowan (D:7)
  A water moccasin zombie (D:6)
  A water moccasin skeleton (D:7)
  A hornet simulacrum (D:12)
  3 scorpions
  9 killer bees
  2 vampire bats (D:5)
  8 wights
  7 howler monkeys
  5 crimson imps
  3 centaur zombies
  A bullfrog zombie (D:7)
  3 hounds
  7 jellies
  10 orc priests
  2 bullfrog skeletons (D:6)
  Ijyb (D:5)
  3 iron imps (Gauntlet)
  9 orc wizards
  2 hell rats (D:9)
  4 iguanas
  11 worker ants
  2 hound zombies (D:6)
  3 hound skeletons
  A howler monkey zombie (D:6)
  A worker ant zombie (D:6)
  Robin (D:2)
  A howler monkey skeleton (D:9)
  5 adders
  4 river rats (D:9)
  A shadow imp (D:6)
  An ooze (Lair:5)
  A worm (shapeshifter) (D:10)
  An adder skeleton (D:4)
  An adder zombie (D:6)
  A worm (D:2)
  A dart slug (D:1)
  5 leopard geckos
  51 orcs
  2 ball pythons (D:1)
  11 bats
  3 giant cockroaches
  12 goblins
  8 hobgoblins
  10 jackals
  24 kobolds
  2 quokkas
  4 frilled lizards
  A jackal skeleton (D:5)
  A quokka skeleton (D:6)
  6 rats
  A fungus (Lair:5)
694 creatures vanquished.

Vanquished Creatures (others)
  4 humans (Lair:6)
  A naga (Snake:3)
  An orc warrior (Orc)
  An orc (Orc)
  A jackal (D:7)
  2 bushes (Lair:6)
  29 fungi
  2 pillars of salt (Gauntlet)
  15 plants
56 creatures vanquished.

Grand Total: 750 creatures vanquished

Notes
Turn   | Place    | Note
-------+----------+-------------------------------------------
     0 | D:1      | Revguard the Human Fighter began the quest for the Orb.
     0 | D:1      | Reached XP level 1. HP: 18/18 MP: 1/1
   178 | D:1      | Reached XP level 2. HP: 22/24 MP: 2/2
   417 | D:1      | Reached skill level 1 in Evocations
   417 | D:1      | Reached XP level 3. HP: 27/29 MP: 3/3
   758 | D:2      | Reached XP level 4. HP: 35/35 MP: 5/5
  1043 | D:2      | Found a burning altar of Makhleb.
  1176 | D:2      | Noticed Robin
  1193 | D:2      | Killed Robin
  1193 | D:2      | Reached skill level 4 in Shields
  1559 | D:2      | Gained mutation: Your system is resistant to poisons.
                  | (rPois) [potion of mutation]
  1559 | D:2      | Gained mutation: You are resistant to hostile enchantments.
                  | (MR+) [potion of mutation]
  1559 | D:2      | Gained mutation: Scrolls take you a little longer to read.
                  | [potion of mutation]
  1559 | D:2      | Gained mutation: You are agile. (Dex +2) [potion of
                  | mutation]
  1853 | D:3      | Found an iron altar of Okawaru.
  1885 | D:3      | Reached XP level 5. HP: 41/41 MP: 6/6
  2270 | D:3      | Noticed Grinder
  2343 | D:4      | Found a radiant altar of Vehumet.
  2344 | D:4      | Found an opulent altar of Gozag.
  2346 | D:4      | Found a sacrificial altar of Ru.
  2346 | D:4      | Found a shimmering blue altar of Sif Muna.
  2348 | D:4      | Found a corrupted altar of Lugonu.
  2349 | D:4      | Noticed an ogre
  2453 | D:4      | Found a stormy altar of Qazlal.
  2459 | D:4      | Got an encrusted long sword
  2461 | D:4      | Identified the +10 long sword of the Fray {freeze, +Fly rN+
                  | MR- Int+4} (You found it on level 4 of the Dungeon)
  2463 | D:4      | Reached XP level 6. HP: 30/47 MP: 6/8
  2519 | D:3      | Killed Grinder
  2519 | D:3      | Reached XP level 7. HP: 35/52 MP: 9/9
  2614 | D:4      | Found an ancient bone altar of Kikubaaqudgha.
  2626 | D:4      | Reached skill level 5 in Long Blades
  2675 | D:4      | Found a bloodstained altar of Trog.
  2846 | D:4      | Found Urphau's Food Boutique.
  3080 | D:5      | Entered Level 5 of the Dungeon
  3179 | D:5      | Found a runed translucent gate.
  3180 | D:5      | Found a runed translucent gate.
  3180 | D:5      | Noticed dracos369's ghost (novice OpTm)
  3181 | D:5      | Found a runed translucent gate.
  3183 | D:5      | Identified the cursed +3 dagger "Mueffugh" {drain, rPois
                  | MR- Dex+8}
  3200 | D:5      | Reached skill level 5 in Shields
  3205 | D:5      | Got a fine ring mail
  3216 | D:5      | Identified the +5 ring mail "Retz" {rCorr Dex+4} (You found
                  | it on level 5 of the Dungeon)
  3281 | D:5      | Found Uxzeaty's Antique Weapon Shoppe.
  3313 | D:5      | Reached XP level 8. HP: 60/60 MP: 11/11
  3388 | D:5      | Noticed Ijyb
  3397 | D:5      | Killed Ijyb
  3444 | D:5      | Reached skill level 1 in Dodging
  3496 | D:5      | Reached skill level 5 in Evocations
  3703 | D:5      | Found Nurhazug's Antique Armour Boutique.
  3711 | D:5      | Bought an embroidered scarf for 168 gold pieces
  3870 | D:6      | Reached skill level 6 in Shields
  4128 | D:6      | Reached skill level 5 in Armour
  4128 | D:6      | Reached XP level 9. HP: 21/65 MP: 13/13
  4941 | D:7      | Noticed a hippogriff
  4950 | D:7      | Killed a hippogriff
  5013 | D:7      | Reached skill level 7 in Shields
  5042 | D:7      | Noticed Duvessa
  5049 | D:7      | Killed Duvessa
  5050 | D:7      | Noticed Dowan
  5053 | D:7      | Killed Dowan
  5074 | D:7      | Reached XP level 10. HP: 54/73 MP: 15/15
  5387 | D:7      | Found a staircase to the Ecumenical Temple.
  5413 | Temple   | Entered the Ecumenical Temple
  5421 | Temple   | Became a worshipper of Zin the Law-Giver
  5421 | Temple   | Reached * piety under Zin
  5491 | D:7      | Reached ** piety under Zin
  5565 | D:7      | Reached skill level 5 in Fighting
  5565 | D:7      | Reached skill level 8 in Shields
  5565 | D:7      | Reached skill level 1 in Invocations
  5704 | D:8      | Noticed Harold
  5723 | D:8      | Killed Harold
  5745 | D:8      | Noticed Psyche
  5756 | D:8      | Killed Psyche
  5756 | D:8      | Reached skill level 9 in Shields
  5756 | D:8      | Reached XP level 11. HP: 40/80 MP: 16/16
  6108 | D:8      | Reached *** piety under Zin
  6525 | D:9      | Noticed a death yak
  6527 | D:9      | Found a staircase to the Lair.
  6527 | D:9      | Noticed a death yak
  6528 | D:9      | Noticed a death yak
  6529 | D:9      | Noticed a two-headed ogre
  6537 | D:9      | Killed a death yak
  6537 | D:9      | Reached skill level 5 in Dodging
  6542 | D:9      | Killed a death yak
  6542 | D:9      | Reached skill level 10 in Shields
  6542 | D:9      | Reached skill level 5 in Invocations
  6546 | D:9      | Killed a death yak
  6551 | D:9      | Killed a two-headed ogre
  6551 | D:9      | Reached skill level 10 in Long Blades
  6551 | D:9      | Zin protects you from harm!
  6903 | D:9      | Noticed a centaur warrior
  6918 | D:9      | Killed a centaur warrior
  7143 | D:9      | Reached **** piety under Zin
  7197 | D:9      | Noticed Grum
  7219 | D:9      | Killed Grum
  7422 | D:9      | Found an ornate altar of the Wu Jian Council.
  7555 | D:10     | Entered Level 10 of the Dungeon
  7595 | D:10     | Noticed a two-headed ogre
  7596 | D:10     | Found a runed translucent gate.
  7596 | D:10     | Found a runed translucent gate.
  7596 | D:10     | Found a runed translucent gate.
  7605 | D:10     | Killed a two-headed ogre
  7605 | D:10     | Reached XP level 12. HP: 47/88 MP: 17/17
  7627 | D:10     | Noticed a glowing orange brain
  7889 | D:10     | Found a staircase to the Orcish Mines.
  7966 | D:10     | Reached skill level 11 in Shields
  8582 | D:10     | Reached ***** piety under Zin
  8670 | D:10     | Found Quoffioc's Food Shoppe.
  8928 | D:5      | Killed dracos369's ghost
  9170 | D:10     | Killed a glowing orange brain
  9183 | D:10     | Reached skill level 12 in Shields
  9187 | D:10     | Reached XP level 13. HP: 95/95 MP: 19/19
  9196 | D:10     | Found a runed translucent gate.
  9196 | D:10     | Found a runed translucent gate.
  9198 | D:10     | Noticed petercordia5's ghost (novice CeHu)
  9199 | D:10     | Found a runed translucent gate.
  9231 | D:10     | Killed petercordia5's ghost
  9358 | D:11     | Noticed a centaur warrior
  9376 | D:11     | Killed a centaur warrior
 10399 | D:12     | Entered Level 12 of the Dungeon
 10409 | D:12     | Noticed a yaktaur captain
 10411 | D:12     | Found a gate to the Vaults.
 10432 | D:12     | Noticed an eight-headed hydra
 10435 | D:12     | Killed a yaktaur captain
 10452 | D:12     | Killed a 12-headed hydra
 11070 | D:12     | Reached XP level 14. HP: 96/103 MP: 21/21
 11111 | D:12     | Reached skill level 10 in Invocations
 11204 | D:12     | Found Zoqies's Antique Armour Shoppe.
 11211 | D:12     | Reached skill level 13 in Shields
 11218 | D:12     | Bought a pair of glowing gloves for 217 gold pieces
 11218 | D:12     | Bought a polished large shield for 275 gold pieces
 11238 | D:12     | Identified the cursed +0 large shield "Wuacoicaa" {Dex+3}
                  | (You bought it in a shop on level 12 of the Dungeon)
 11449 | D:12     | Found a staircase to the Depths.
 11449 | D:12     | Noticed a dire elephant
 11477 | D:12     | Killed a dire elephant
 11789 | Orc      | Entered the Orcish Mines
 11813 | Orc      | Found Estoym's General Store.
 11864 | Orc      | Bought a ration for 70 gold pieces
 11864 | Orc      | Bought a ration for 70 gold pieces
 11960 | Orc      | Found Couph's Antique Armour Boutique.
 11960 | Orc      | Found Ahecytsun's Gadget Shop.
 11986 | Orc      | Found a staircase to the Elven Halls.
 12002 | Orc      | Bought a runed helmet for 225 gold pieces
 12048 | Orc      | Reached ****** piety under Zin
 12305 | Orc      | Found Qakowahu's Magic Scroll Shop.
 12305 | Orc      | Found Leedobee's Armour Shoppe.
 12313 | Orc      | Found Ruadiod's Armour Emporium.
 12315 | Orc      | Found Yskostri's Magic Scroll Boutique.
 12719 | Lair:1   | Entered Level 1 of the Lair of Beasts
 13392 | Lair:2   | Found a staircase to the Snake Pit.
 13496 | Lair:2   | Found a staircase to the Swamp.
 15375 | Lair:4   | Found a gate leading to a gauntlet.
 15389 | Gauntlet | Entered a Gauntlet
 15389 | Gauntlet | Found a transporter.
 15399 | Gauntlet | Found a transporter.
 15416 | Gauntlet | Found a transporter.
 15421 | Gauntlet | Found a transporter.
 15442 | Gauntlet | Found a transporter.
 15455 | Gauntlet | Found a transporter.
 15467 | Gauntlet | Found a transporter.
 15473 | Gauntlet | Found a transporter.
 15488 | Gauntlet | Found a transporter.
 15500 | Gauntlet | Found a transporter.
 15512 | Gauntlet | Found a transporter.
 15518 | Gauntlet | Found a transporter.
 15555 | Gauntlet | Found a transporter.
 15557 | Gauntlet | Found a transporter.
 15582 | Gauntlet | Found a transporter.
 15584 | Gauntlet | Found a transporter.
 15604 | Gauntlet | Found a transporter.
 15696 | Gauntlet | Found a transporter.
 15981 | Gauntlet | Reached skill level 14 in Shields
 15996 | Gauntlet | Got a flickering ruby amulet
 16000 | Gauntlet | Identified the amulet "Yhaucysm" {+Rage rElec Str-2 Int+8}
                  | (You found it in a Gauntlet)
 16129 | Gauntlet | Noticed a minotaur
 16152 | Gauntlet | Killed a minotaur
 16169 | Gauntlet | Identified Further Progress in Witchcraft
 16172 | Gauntlet | Identified the Catalogue of Displacement
 16206 | Lair:4   | Found a runed translucent door.
 16214 | Lair:4   | Noticed Morbidden's ghost (journeyman HOAc)
 16215 | Lair:4   | Identified the cursed +1 trident of Poverty {freeze, MR++
                  | Str-4}
 16235 | Lair:4   | Killed Morbidden's ghost
 16235 | Lair:4   | Reached XP level 15. HP: 100/110 MP: 23/23
 16772 | Lair:4   | Noticed Josephine
 16783 | Lair:4   | Killed Josephine
 17261 | Lair:5   | Found a transporter.
 17279 | Lair:5   | Noticed yrara's ghost (journeyman GrFi)
 17292 | Lair:5   | Found a transporter.
 17324 | Lair:5   | Found a viscous altar of Jiyva.
 17325 | Lair:5   | Found a staircase to the Slime Pits.
 17326 | Lair:5   | Found a viscous altar of Jiyva.
 17861 | Lair:5   | Killed yrara's ghost
 17873 | Lair:5   | Got a pitted granite ring
 17885 | Lair:5   | Identified the ring "Igoini" {MR- Int+4 Dex+5} (You found
                  | it on level 5 of the Lair of Beasts)
 18077 | Lair:6   | Entered Level 6 of the Lair of Beasts
 18077 | Lair:6   | Noticed Kirke
 18088 | Lair:6   | Killed Kirke
 18302 | Lair:6   | Reached skill level 15 in Shields
 18723 | Lair:6   | Reached skill level 10 in Armour
 18735 | Lair:6   | Reached XP level 16. HP: 28/119 MP: 25/25
 20018 | Snake:1  | Entered Level 1 of the Snake Pit
 21006 | Snake:2  | Reached skill level 16 in Shields
 21125 | Snake:2  | Noticed Nikola
 21577 | Snake:2  | Noticed Aizul
 21609 | Snake:2  | Killed Aizul
 21663 | Snake:2  | Killed Nikola
 21959 | Snake:2  | Found Lodigia's Book Boutique.
 22282 | Snake:3  | Entered Level 3 of the Snake Pit
 22328 | Snake:3  | Noticed a nagaraja
 22333 | Snake:3  | Noticed Jorgrun
 22344 | Snake:3  | Killed a nagaraja
 22360 | Snake:3  | Killed Jorgrun
 22360 | Snake:3  | Reached XP level 17. HP: 106/127 MP: 25/27
 22475 | Snake:3  | Noticed Vashnia
 22526 | Snake:3  | HP: 1/127 [shock serpent/bolt of electricity (19)]
 22526 | Snake:3  | Slain by a naga warrior

Skill      XL: |  1  2  3  4  5  6  7  8  9 10 11 12 13 14 15 16 |
---------------+-------------------------------------------------+-----
Evocations     | 1 2 3 4 5 7 8 9 |  9.2
Armour         | 4 5 6 7 8 10 11 | 11.3
Shields        | 4 5 6 7 9 10 12 14 15 16 | 16.4
Long Blades    | 3 4 5 7 8 9 10 11 13 14 | 14.7
Dodging        | 1 3 4 6 7 8 9 |  9.7
Fighting       | 4 5 6 7 8 9 |  9.7
Invocations    | 4 6 8 9 11 12 13 | 13.4

Action                   |  1- 3 |  4- 6 |  7- 9 | 10-12 | 13-15 | 16-18 || total
-------------------------+-------+-------+-------+-------+-------+-------++-------
Melee: Long sword        |    88 |   131 |   211 |   447 |  1389 |   499 ||  2765
Invok: Recite            |       |       |       |    13 |    28 |    12 ||    53
       Vitalisation      |       |       |       |     6 |     9 |     6 ||    21
       Sanctuary         |       |       |       |       |       |     1 ||     1
 Abil: Evoke Berserk Rag |     1 |     2 |     3 |     4 |     7 |     1 ||    18
       Evoke Flight      |       |       |       |       |     1 |       ||     1
Evoke: Wand              |       |       |       |       |     3 |    12 ||    15
       Fan of gales      |       |       |       |       |     1 |       ||     1
  Use: Scroll            |       |    10 |     8 |     4 |     8 |       ||    30
       Potion            |       |     2 |       |    12 |     4 |     5 ||    23
 Stab: Confused          |       |       |       |     2 |    18 |    29 ||    49
       Invisible         |       |       |       |     2 |    17 |       ||    19
       Paralysed         |       |       |       |       |     6 |     3 ||     9
       Sleeping          |       |       |       |       |     4 |     1 ||     5
       Distracted        |       |       |       |       |     2 |       ||     2
       Petrified         |       |       |       |       |       |    10 ||    10
       Petrifying        |       |       |       |       |       |     1 ||     1
  Eat: Chunk             |       |     8 |    12 |    12 |    23 |     8 ||    63
       Ration            |       |       |       |     2 |     4 |     2 ||     8
Armor: Scale mail        |    71 |       |       |       |       |       ||    71
       Plate armour      |       |   103 |    13 |       |       |       ||   116
       Ring mail         |       |       |    84 |   119 |   191 |    46 ||   440
Dodge: Dodged            |    38 |    20 |    74 |   252 |   417 |   115 ||   916
Block: Shield            |    55 |   109 |   185 |   575 |   302 |       ||  1226
       Large shield      |       |       |       |       |  1331 |   595 ||  1926
